 Dungeon Crawl Stone Soup version 0.31-a0-175-g9f7f995f2b (webtiles) character file.

Game seed: 12004813440682671831

53 qw the Chopper (level 3, -2/23 HPs)
             Began as a Gargoyle Fighter on June 16, 2023.
             Slain by an orc priest
             ... wielding a +0 hand axe
              (3 damage)
             ... on level 3 of the Dungeon.
             The game lasted 00:00:51 (2026 turns).

qw the Chopper (Gargoyle Fighter)                   Turns: 2026, Time: 00:00:51

Health: -2/23      AC: 10    Str: 19    XL:     3   Next: 89%
Magic:  3/3        EV:  9    Int:  8    God:
Gold:   138        SH:  4    Dex:  9    Spells: 2/2 levels left

rFire   . . .        Y - +0 war axe
rCold   . . .        c - +0 buckler
rNeg    + . .        b - +0 scale mail
rPois   inf          (no helmet)
rElec   +            (no cloak)
rCorr   .            (no gloves)
SInv    .            (no boots)
Will    .....        (no amulet) Stlth
                     (no ring)
HPRegen 0.23/turn    (no ring)
MPRegen 0.08/turn

%: no passive effects
@: about to teleport
A: sickness immunity, AC +3, negative energy resistance 1, electricity
resistance, torment resistance 1, petrification resistance, high MP 1, weak 1,
MP-powered wands
a: no special abilities


You were on level 3 of the Dungeon.
You visited 1 branch of the dungeon, and saw 3 of its levels.

You collected 138 gold pieces.


Innate Abilities, Weirdness & Mutations

You are immune to sickness and miasma.
Your stone body is resilient. (AC +3)
You are immune to poison.
You resist negative energy. (rN+)
You are resistant to electric shocks. (rElec)
You are resistant to unholy torment.
You are immune to petrification.
You have an increased reservoir of magic. (+10% MP)
You are weak. (Str -2)
You expend magic power (3 MP) to strengthen your wands.


   Skills:
 - Level 3.2 Fighting
 + Level 3.7 Axes
 - Level 3.2 Armour
 - Level 3.2 Shields


You had 2 spell levels left.
You didn't know any spells.
Your spell library was empty.

Inventory:

Hand Weapons
 j - a +0 whip
 Y - a +0 war axe (weapon)
Armour
 b - a +0 scale mail (worn)
 c - a +0 buckler (worn)
Scrolls
 f - 3 scrolls of blinking {unknown}
 h - a scroll of identify
Potions
 a - a potion of curing {unknown}
 d - a potion of might
 e - a potion of brilliance {unknown}
 k - a potion of mutation
 l - a potion of degeneration {unknown}

Dungeon Overview and Level Annotations

Branches:
Dungeon (3/15)

Altars:
Trog

Annotations:
D:3 Grinder


Message History

2016 ||| Stepping ~*~*~tactically~*~*~ (stealth).
An orc comes into view. It is wielding a +0 dagger.
The orc shouts!
Enter note:
Enter note: You barely miss the orc priest.
The orc priest mumbles some strange prayers to Beogh against you.
Pain shoots through your body!
You closely miss the orc priest. You slash the orc priest!
The orc priest is heavily wounded.
You completely miss the orc.
The orc priest hits you but does no damage.
An orc comes into view. It is wielding a +0 hand axe.
You hit the orc priest.
The orc priest is severely wounded.
You hit the orc but do no damage.
The orc priest mumbles some strange prayers to Beogh against you.
Beogh smites you!
Ouch! That really hurt!
The orc hits you but does no damage.
2024 ||| READING scroll of teleportation.
As you read the scroll of teleportation, it crumbles to dust.
You feel strangely unstable.
The orc priest hits you but does no damage.
The orc hits you but does no damage.
You closely miss the orc priest.
The orc priest is severely wounded.
You hit the orc.
The orc priest hits you with a +0 hand axe.
The orc hits you but does no damage.
Grinder comes into view.
You hit the orc priest but do no damage.
The orc priest is severely wounded.
You hit the orc.
You kill the orc!
The orc priest calls down the wrath of Beogh upon you.
Pain shoots through your body!
The orc priest hits you with a +0 hand axe.
You die...

#######.###.###
#..# ##.....###
#.#. #.........
####.#.
#.##.####.
....... #.# .#
.....#. #[# .#
######. #.# #
#. #.##o#.###
#. #.@oo5....
#. #.B###..##
#. #..# #. #..#
#... ####


You could see Grinder, an orc priest, 2 orcs and a giant cockroach.

Vanquished Creatures
  An adder (D:3)
  A worm (D:2)
  A dart slug (D:1)
  An orc (D:3)
  7 endoplasms
  A giant cockroach (D:2)
  5 goblins
  3 hobgoblins
  6 kobolds
  2 quokkas
  2 ball pythons
  3 bats
  4 frilled lizards
  2 rats (D:2)
39 creatures vanquished.

Notes
Turn   | Place    | Note
-------+----------+-------------------------------------------
     0 | D:1      | qw the Gargoyle Fighter began the quest for the Orb.
     0 | D:1      | Reached XP level 1. HP: 14/14 MP: 1/1
     0 | D:1      | 0 ||| qw: Version: 0.2-a-29-g511e9b1
     0 | D:1      | 0 ||| qw: Game counter: 5863
     0 | D:1      | 0 ||| qw: Always use a shield: true
     0 | D:1      | 0 ||| qw: God list: Okawaru
     0 | D:1      | 0 ||| qw: Allow faded altars: false
     0 | D:1      | 0 ||| qw: Do Orc after D:15 true
     0 | D:1      | 0 ||| qw: Do second Lair branch before Depths: true
     0 | D:1      | 0 ||| qw: Lair rune preference: random
     0 | D:1      | 0 ||| qw: Plans: Normal, Zot:1-4, Slime:5, God:TSO, Crypt,
                  | Tomb, Abyss, Pan, Hells, Win
     0 | D:1      | 0 ||| PLANNING D:1-11
   166 | D:1      | Reached XP level 2. HP: 15/19 MP: 2/2
   251 | D:1      | 251 ||| Stepping ~*~*~tactically~*~*~ (stealth).
   280 | D:1      | 280 ||| Stepping ~*~*~tactically~*~*~ (stealth).
   432 | D:1      | 432 ||| Stepping ~*~*~tactically~*~*~ (hiding).
   542 | D:1      | 542 ||| DROPPING +0 club.
   607 | D:1      | Reached skill level 3 in Axes
   734 | D:1      | Reached XP level 3. HP: 23/23 MP: 3/3
   790 | D:1      | 790 ||| READING scroll labelled UHAYN WYPP.
   791 | D:1      | 791 ||| READING scroll labelled ZIHOINETILL.
   792 | D:1      | 792 ||| READING scroll labelled JOMAN JEDEWE.
   935 | D:2      | Found a bloodstained altar of Trog.
  1097 | D:2      | 1097 ||| Stepping ~*~*~tactically~*~*~ (stealth).
  1138 | D:2      | Found a faded altar of an unknown god.
  1773 | D:2      | 1773 ||| READING scroll labelled HIPAKHL RANKU.
  1774 | D:2      | 1774 ||| READING scroll labelled DORCHATOSMOL.
  1790 | D:2      | 1790 ||| READING 3 scrolls labelled JUGYKU WOGUKK.
  1791 | D:2      | 1791 ||| DRINKING 2 emerald potions.
  1791 | D:2      | Gained mutation: You have an increased reservoir of magic.
                  | (+10% MP) [potion of mutation]
  1791 | D:2      | Gained mutation: You expend magic power (3 MP) to
                  | strengthen your wands. [potion of mutation]
  1791 | D:2      | Gained mutation: You are weak. (Str -2) [potion of
                  | mutation]
  1792 | D:2      | 1792 ||| DROPPING 2 scrolls of fog.
  2016 | D:3      | 2016 ||| Stepping ~*~*~tactically~*~*~ (stealth).
  2023 | D:3      | HP: 5/23 [orc priest/divine providence (12)]
  2024 | D:3      | 2024 ||| READING scroll of teleportation.
  2025 | D:3      | Noticed Grinder
  2026 | D:3      | HP: 1/23 [orc priest/nerve-wracking pain (3)]
  2026 | D:3      | Slain by an orc priest

Levels and vault maps discovered:
D:1:      minmay_arrival_four_circles, layout_loops_ring
D:2:      layout_basic, basic_altar,
          dreamdust_ecumenical_altar_angels_and_demons
D:3:      layout_loops_ring, regret_index_temple_of_mockery,
          grunt_temple_overflow_order_and_chaos_2, uniq_ijyb,
          uniq_crazy_yiuf_cottage, uniq_natasha, uniq_sigmund, uniq_jessica,
          uniq_grinder

Skill      XL: |  1  2 |
---------------+-------+-----
Axes           | 2 3 |  3.7
Fighting       | |  3.2
Armour         | |  3.2
Shields        | |  3.2

Action                     || total
---------------------------++-------
  Melee: War axe           ||   113
    Use: Scroll            ||     7
         Potion            ||     1
 Armour: Scale mail        ||    55
  Dodge: Dodged            ||    49
  Block: Buckler           ||    16

Table legend:
 A = Non-vault XP
 B = Vault XP
 C = Vault XP percentage of total XP
 D = Non-vault monster count
 E = Vault monster count
 F = Vault count percentage of total count
                 A         B        C        D         E       F
            +---------+---------+-------+---------+---------+-------
      Total |      80 |       0 |   0.0 |      39 |       0 |   0.0
            +---------+---------+-------+---------+---------+-------
        D:1 |      36 |       0 |   0.0 |      20 |       0 |   0.0
        D:2 |      26 |       0 |   0.0 |      15 |       0 |   0.0
        D:3 |      18 |       0 |   0.0 |       4 |       0 |   0.0
            +---------+---------+-------+---------+---------+-------
